 Dungeon Crawl Stone Soup version 0.24.0-37-gcf1ca852f1 (webtiles) character file.

Game seed: 13535258676513953480, levelgen mode: deterministic

103 Delarado the Ruffian (level 4, -12/31 HPs)
             Began as an Octopode Fighter on Dec 6, 2019.
             Mangled by an ogre
             ... wielding a +0 giant spiked club
              (22 damage)
             ... on level 4 of the Dungeon.
             The game lasted 00:06:10 (2101 turns).

Delarado the Ruffian (Octopode Fighter)             Turns: 2101, Time: 00:06:10

Health: -12/31     AC:  1    Str: 16    XL:     4   Next: 79%
Magic:  4/4        EV: 11    Int: 10    God:
Gold:   186        SH:  9    Dex: 11    Spells: 1/3 levels left

rFire    . . .     SeeInvis .     - Unarmed
rCold    . . .     Gourm    .   a - +1 shield
rNeg     . . .     Faith    .   (helmet restricted)
rPois    .         Spirit   .   (no amulet)
rElec    .         Reflect  .   (no ring)
rCorr    .         Harm     .   (no ring)
MR       .....                  (no ring)
Stlth    ++........             (no ring)
HPRegen  0.10/turn              (no ring)
MPRegen  0.09/turn              (no ring)
                                (no ring)
                                (no ring)

@: no status effects
A: almost no armour, stealthy swim, amphibious, 8 rings, constrict 8, camouflage
1, gelatinous body 1
a: no special abilities


You were on level 4 of the Dungeon.
You were not hungry.

You visited 1 branch of the dungeon, and saw 4 of its levels.

You collected 186 gold pieces.

Inventory:

Missiles
 g - 8 poisoned darts (quivered)
 j - 62 stones
 q - 18 arrows
Armour
 a - a +1 shield (worn)
Scrolls
 l - 3 scrolls of teleportation
 n - a scroll of enchant weapon {unknown}
Potions
 b - a potion of might
 d - a potion of resistance {unknown}
 e - a potion of flight
 h - a potion of agility {unknown}
 i - 2 potions of heal wounds {unknown}
 k - 2 potions of curing {unknown}
 m - a potion of haste
 p - a potion of brilliance {unknown}
Comestibles
 c - 3 rations
 f - 3 chunks of flesh


   Skills:
 - Level 3.0 Fighting
 - Level 3.0 Dodging
 - Level 3.0 Shields
 - Level 4.5 Unarmed Combat
 + Level 1.3 Transmutations


You had one spell level left.
You knew the following spells:

 Your Spells              Type           Power        Failure   Level  Hunger
a - Sticks to Snakes      Tmut           #.......     83%         2    ###....

Your spell library contained the following spells:

 Spells                   Type           Power        Failure   Level  Hunger
 Beastly Appendage        Tmut           #.....       71%         1    ##.....
 Spider Form              Tmut/Pois      #.........   99%         3    ####...
 Ice Form                 Ice/Tmut       #.......     100%        4    #####..
 Blade Hands              Tmut           #.........   100%        5    ######.


Dungeon Overview and Level Annotations

Branches:
Dungeon (4/15)
 Temple: D:4-7

Altars:
Makhleb
Ru


Innate Abilities, Weirdness & Mutations

You cannot wear most types of armour.
You are very stealthy in the water. (Stealth+)
You are amphibious.
You can wear up to eight rings at the same time.
You can use your tentacles to constrict eight enemies at once.
Your skin changes colour to match your surroundings (Stealth+).
Your rubbery body absorbs attacks. (AC +1, EV +1)


Message History

Press: ? - help, Shift-Dir - straight line, f - ogre
Aim: an ogre, wielding a +0 giant spiked club You throw a poisoned dart.
The poisoned dart hits the ogre.
The ogre is poisoned.
Throwing (i - inventory. (/) - cycle)
g - 9 poisoned darts (quivered)
Press: ? - help, Shift-Dir - straight line, f/p - ogre
Aim: an ogre, wielding a +0 giant spiked club (poisoned)
You throw a poisoned dart.
The poisoned dart barely misses the ogre.
You tentacle-slap the ogre. You squeeze the ogre!
The ogre is heavily wounded.
The ogre hits you with a +0 giant spiked club!!
Ouch! That really hurt!
* * * LOW HITPOINT WARNING * * *
You are too injured to fight recklessly!
You tentacle-slap the ogre.
The ogre is almost dead.
The ogre hits you with a +0 giant spiked club!!
Ouch! That really hurt!
You die...

... #.# #.# #.#
#.#####.#
###.###.(.....#
........)(.$...
#@# #O# #<#
#........
(.......#
##.#.#####
#.#.# #(... #..
##


You could see an ogre.

Vanquished Creatures
  3 adders (D:2)
  An ooze (D:2)
  3 worms (D:3)
  2 dart slugs (D:1)
  A leopard gecko (D:3)
  6 orcs
  4 bats
  2 giant cockroaches
  8 goblins
  2 hobgoblins
  3 quokkas
  A ball python (D:1)
  5 frilled lizards
  5 kobolds
  8 rats
54 creatures vanquished.

Notes
Turn   | Place    | Note
-------+----------+-------------------------------------------
     0 | D:1      | Delarado the Octopode Fighter began the quest for the Orb.
     0 | D:1      | Reached XP level 1. HP: 16/16 MP: 1/1
   177 | D:1      | Reached XP level 2. HP: 21/21 MP: 2/2
   422 | D:1      | Reached skill level 3 in Unarmed Combat
   861 | D:2      | Reached XP level 3. HP: 26/26 MP: 3/3
  1062 | D:2      | Reached skill level 4 in Unarmed Combat
  1177 | D:2      | Reached XP level 4. HP: 31/31 MP: 4/4
  1664 | D:3      | Learned a level 2 spell: Sticks to Snakes
  1777 | D:3      | Found a sacrificial altar of Ru.
  1906 | D:3      | Found a burning altar of Makhleb.
  1911 | D:3      | Reached skill level 1 in Transmutations
  2096 | D:4      | Noticed an ogre
  2101 | D:4      | Mangled by an ogre

Levels and vault maps discovered:
D:1:      sevenhm_arrival_forest_fort_large_2, layout_basic
D:2:      layout_rooms
D:3:      layout_rooms, first_ration, kennysheep_flooded_box,
          nicolae_ru_awakened_eye
D:4:      layout_loops_ring, minmay_temple_entry_grid

Skill      XL: |  1  2  3  4 |
---------------+-------------+-----
Unarmed Combat | 3 4 |  4.5
Transmutations | 1 |  1.3
Fighting       | |  3.0
Dodging        | |  3.0
Shields        | |  3.0

Action                   |  1- 3 |  4- 6 || total
-------------------------+-------+-------++-------
Melee: Unarmed           |    47 |    55 ||   102
       Constrict         |    12 |    17 ||    29
       Tentacles         |     4 |    11 ||    15
       Punch             |     2 |     4 ||     6
Throw: Dart              |    13 |    15 ||    28
  Use: Scroll            |       |     5 ||     5
 Stab: Sleeping          |     4 |     4 ||     8
  Eat: Chunk             |     1 |     3 ||     4
Armor: Skin              |     9 |     6 ||    15
Dodge: Dodged            |    14 |    12 ||    26
Block: Shield            |    21 |    20 ||    41
